 Dungeon Crawl Stone Soup version 0.29-a0-284-gf9362112df (webtiles) character file.

Game seed: 3228597275640470253

5 sokol815 the Chopper (level 1, 0/13 (18) HPs)
             Began as a Demonspawn Monk on Mar 24, 2022.
             Slain by a gnoll
             ... wielding a +0 whip of draining
              (1 damage)
             ... on level 1 of the Dungeon.
             The game lasted 00:00:59 (427 turns).

sokol815 the Chopper (Demonspawn Monk)               Turns: 427, Time: 00:01:00

HP:   0/13 (18)     AC:  3    Str: 11    XL:     1   Next: 66%
MP:   1/1           EV:  9    Int: 11    God:
Gold: 28            SH:  0    Dex: 15    Spells: 0/0 levels left

rFire   . . .      SeeInvis .   a - +0 hand axe
rCold   . . .      Faith    .   (no shield)
rNeg    . . .      Spirit   .   g - +0 leather armour
rPois   .          Reflect  .   (no helmet)
rElec   .          Harm     .   (no cloak)
rCorr   .          Rampage  .   (no gloves)
Will    .....                   (no boots)
Stlth   +.........              (no amulet)
HPRegen 0.04/turn               (no ring)
MPRegen 0.07/turn               (no ring)

@: confused, ambrosia-drunk, constricted, very heavily drained
A: no striking features
a: no special abilities


You were on level 1 of the Dungeon.
You visited 1 branch of the dungeon, and saw 1 of its levels.

You collected 28 gold pieces.

Inventory:

Hand Weapons
 a - a +0 hand axe (weapon)
Missiles
 s - 17 stones
Armour
 b - a +0 robe
 g - a +0 leather armour (worn)
   (You found it on level 1 of the Dungeon)
 k - an orb of guile
   (You found it on level 1 of the Dungeon)
Magical Staves
 i - a staff of death {rN+}
   (You found it on level 1 of the Dungeon)
Scrolls
 c - a scroll of noise {unknown}
 d - a scroll of teleportation {unknown}
 e - a scroll of identify {unknown}
Potions
 f - a potion of heal wounds {unknown}
 h - a potion of curing {unknown}
 j - a potion of might {unknown}
 l - a potion of degeneration {unknown}


   Skills:
 - Level 3.0 Fighting
 + Level 3.1 Axes
 - Level 2.6 Dodging
 - Level 1.7 Stealth


You couldn't memorise any spells.
You didn't know any spells.
Your spell library was empty.

Dungeon Overview and Level Annotations

Branches:
Dungeon (1/15)

Altars:


Message History

Moving in this stuff is going to be slow.
A ball python comes into view.
No reachable target in view!
What are your orders? t - Shout!
Orders for allies: a - Attack new target. r - Retreat! s - Stop attacking. g - Guard the area. f - Follow me.
Anything else - Cancel.
You shout for attention!
The ball python closely misses you. The ball python barely misses you.
The ball python barely misses you. The ball python misses you.
The ball python closely misses you. The ball python grabs you.
The ball python constricts you.
You take 1 damage, and have 17/18 hp.
Your unstable footing causes you to fumble your attack.
The ball python bites you but does no damage.
The ball python constricts you.
You closely miss the ball python. The ball python bites you.
The ball python constricts you. The ball python closely misses you.
The ball python constricts you.
You take 2 damage, and have 15/18 hp.
You slash the ball python!
You kill the ball python!
No target in view!
No target in view!
You start resting.
Health restored: 18
j - a metallic black potion You see here an orb of guile.
k - an orb of guile A bat comes into view.
The helpless bat fails to defend itself.
You hit the bat.
You kill the bat!
Your Axes skill increases to level 3!
No target in view!
No target in view!
l - a sedimented inky potion A jackal comes into view.
A gnoll comes into view. It is wielding a +0 whip of draining.
A ball python comes into view.
The gnoll shouts!
You hear a bark!
The jackal closely misses you.
You hear a bark!
You hit the jackal.
You kill the jackal!
A jackal comes into view.
The jackal barks!
The jackal moves out of view.
A jackal comes into view.
You see here a jackal corpse.
You hit the gnoll. The gnoll barely misses you.
The jackal moves out of view.
You hit the gnoll. You completely miss the ball python.
The ball python bites you. The ball python grabs you.
The ball python constricts you. The gnoll closely misses you.
The ball python bites you but does no damage.
The ball python constricts you.
You take 1 damage, and have 17/18 hp.
You hit the gnoll. You closely miss the ball python.
The gnoll hits you with a +0 whip of draining.
You feel drained.
The ball python bites you but does no damage.
The ball python constricts you.
You take 6 damage, and have 11/16 hp.
MASSIVE DAMAGE!!
You hit the gnoll. You hit the ball python. The ball python bites you.
The ball python constricts you.
The gnoll hits you with a +0 whip of draining.
* * * LOW HITPOINT WARNING * * *
You feel drained.
* * * LOW HITPOINT WARNING * * *
The ball python bites you.
* * * LOW HITPOINT WARNING * * *
The ball python constricts you. The gnoll closely misses you.
You take 10 damage, and have 1/15 hp.
MASSIVE DAMAGE!!
Really quaff
G - a potion of ambrosia {!q}?
You are confused.
You feel invigorated.
The ball python bites you but does no damage.
The ball python constricts you. The gnoll barely misses you.
You regained 4 hp, and now have 5/15 hp.
You bump into the rock wall.
The ball python bites you but does no damage.
The ball python constricts you.
The gnoll hits you with a +0 whip of draining.
* * * LOW HITPOINT WARNING * * *
You feel drained.
* * * LOW HITPOINT WARNING * * *
You take 4 damage, and have 1/14 hp.
MASSIVE DAMAGE!!
You closely miss the ball python. You hit the gnoll. The ball python bites you.
The ball python constricts you.
The gnoll hits you with a +0 whip of draining.
* * * LOW HITPOINT WARNING * * *
You feel drained.
You die...

.# ## .#####...
#......# .......##
#......#
.............#...(....#
.............#.#......#
.#####.##.#..#.#......
.# .##.......hh.. .# #
..!.....#gS# .# #.
#......#@.#### .#
#.##...)........# ##
#............##.# #
#..........##.#
########..............
....#......#...#####...
.##.#.####.#...# ##
....#.####.#####
........##.#


You could see a gnoll, 2 jackals and a ball python.

Vanquished Creatures
  A jackal (D:1)
  2 ball pythons (D:1)
  A bat (D:1)
  2 frilled lizards (D:1)
  A rat (D:1)
7 creatures vanquished.

Vanquished Creatures (others)
  A plant (D:1)
1 creature vanquished.

Grand Total: 8 creatures vanquished

Notes
Turn   | Place    | Note
-------+----------+-------------------------------------------
     0 | D:1      | sokol815 the Demonspawn Monk began the quest for the Orb.
     0 | D:1      | Reached XP level 1. HP: 18/18 MP: 1/1
   411 | D:1      | Reached skill level 3 in Axes
   424 | D:1      | HP: 4/16 [gnoll/+0 whip of draining (5)]
   424 | D:1      | HP: 1/15 [ball python (1)]
   427 | D:1      | Slain by a gnoll

Illustrated notes

Levels and vault maps discovered:
D:1:      kilobyte_arrival_exit_the_forest, layout_loops_cross,
          serial_bayou_lake_a

Skill      XL: |  1 |
---------------+----+-----
Axes           | 3 |  3.1
Fighting       | |  3.0
Dodging        | |  2.6
Stealth        | |  1.7

Action                   || total
-------------------------++-------
Melee: Hand axe          ||    15
  Use: Potion            ||     1
 Stab: Sleeping          ||     1
Armor: Leather armour    ||     6
Dodge: Dodged            ||    13

Table legend: (Time is in decaauts)
 A = Elapsed time spent in this place.
 B = Non-inter-level travel time spent in this place.
 C = Inter-level travel time spent in this place.
 D = Time resting spent in this place.
 E = Time spent auto-exploring this place.
 F = Levels seen in this place.
 G = Mean time per level.
                   A        B        C        D        E       F      G
               +--------+--------+--------+--------+--------+-----+--------+
         Total |    447 |    440 |      7 |     44 |    318 |   1 |  447.0 |
       Dungeon |    447 |    440 |      7 |     44 |    318 |   1 |  447.0 |
               +--------+--------+--------+--------+--------+-----+--------+

Top non-repeatable levels by time:
     D:1: 447 daAuts

Table legend:
 A = Kills in this place as a percentage of kills in entire the game.
 B = Kills by you in this place as a percentage of kills by you in the entire game.
 C = Kills by friends in this place as a percentage of kills by friends in the entire game.
 D = Other kills in this place as a percentage of other kills in the entire game.
 E = Experience gained in this place as a percentage of experience gained in the entire game.
 F = Experience gained in this place divided by the number of levels of this place that you have seen.
                   A       B       C       D       E      F
               +-------+-------+-------+-------+-------+----------------------
         Total | 100.0 | 100.0 |   N/A |   N/A | 100.0 |   8.0
       Dungeon | 100.0 | 100.0 |   N/A |   N/A | 100.0 |   8.0
               +-------+-------+-------+-------+-------+----------------------
